 Dungeon Crawl Stone Soup version 0.29-a0-717-g6dac4ea423 (webtiles) character file.

Game seed: 5532705825070825099

7380 frimble the Covert (level 10, 0/81 HPs)
             Began as a Minotaur Hunter on June 27, 2022.
             Was a Follower of Okawaru.
             Slain by a hornet (13 damage)
             ... on level 9 of the Dungeon.
             The game lasted 00:16:22 (10986 turns).

frimble the Covert (Minotaur Hunter)               Turns: 10986, Time: 00:16:23

Health: 0/81       AC:  7    Str: 17    XL:     10   Next: 92%
Magic:  10/12      EV: 18    Int: 10    God:    Okawaru [*.....]
Gold:   1198       SH:  0    Dex: 19    Spells: 7/9 levels left

rFire   . . .      SeeInvis .   b - +8 mithril axe "Arga" {speed, Will+}
rCold   . . .      Faith    .   (no shield)
rNeg    . . .      Spirit   .   v - +3 leather armour
rPois   .          Reflect  .   (helmet restricted)
rElec   .          Harm     .   i - +0 cloak
rCorr   .          Rampage  .   (no gloves)
Will    +....                   (no boots)
Stlth   ++++++....              (no amulet)
HPRegen 0.23/turn               t - +6 ring of dexterity
MPRegen 0.13/turn               (no ring)

@: heroic, slowed, studying Stealth, very slow
A: horns 2, retaliatory headbutt
a: Renounce Religion, Heroism


You were on level 9 of the Dungeon.
You worshipped Okawaru.
Okawaru was aware of your devotion.
You visited 2 branches of the dungeon, and saw 10 of its levels.
You also visited: Sewer and Bailey.

You collected 1198 gold pieces.

Inventory:

Hand Weapons
 a - a +0 shortbow of electrocution
 b - the +8 mithril axe "Arga" (weapon) {speed, Will+}
   (You found it on level 5 of the Dungeon)

   Attacks with this weapon are significantly faster.
   Will:      It increases your willpower.
 r - a +3 dagger of venom
Missiles
 n - 3 javelins
Armour
 i - a +0 cloak (worn)
 v - a +3 leather armour (worn)
Jewellery
 t - a +6 ring of dexterity (left hand)
 x - a ring of protection from fire
Wands
 p - a wand of flame (30)
 y - a wand of quicksilver (5)
Scrolls
 c - 4 scrolls of teleportation
 g - 5 scrolls of immolation
 m - a scroll of blinking
 A - 2 scrolls of enchant weapon
 B - a scroll of brand weapon
 C - a scroll of fear
Potions
 d - 4 potions of flight
 e - a potion of curing
 f - 2 potions of degeneration {unknown}
 h - 4 potions of haste
 j - 2 potions of berserk rage
 k - a potion of cancellation {unknown}
 l - a potion of lignification {unknown}
 o - 4 potions of attraction {unknown}
 q - 3 potions of heal wounds {unknown}
 s - 4 potions of brilliance {unknown}
 u - a potion of ambrosia {unknown}
 w - a potion of magic {unknown}
 z - 4 potions of mutation {unknown}


   Skills:
 + Level 5.2(10.2) Fighting
 - Level 6.5(12.1) Short Blades
 - Level 4.6(11.5) Long Blades
 + Level 10.5(15.5) Axes
 - Level 4.4(9.4) Ranged Weapons
 - Level 5.6(10.6) Dodging
 - Level 11.4(16.4) Stealth
 + Level 4.1 Invocations
 - Level 3.5 Evocations


You had 7 spell levels left.
You knew the following spells:

 Your Spells              Type           Power      Damage    Failure   Level
a - Passwall              Tmut/Erth      0%         N/A       56%         2

Your spell library contained the following spells:

 Spells                   Type           Power      Damage    Failure   Level
 Foxfire                  Conj/Fire      0%         2x1d4     41%         1
 Sandblast                Erth           0%         2d4       41%         1
 Conjure Flame            Conj/Fire      0%         6-21      80%         3
 Ignite Poison            Fire/Tmut/Pois 0%         N/A       80%         3
 Inner Flame              Hex/Fire       0%         N/A       80%         3
 Mephitic Cloud           Conj/Pois/Air  0%         N/A       80%         3
 Stone Arrow              Conj/Erth      0%         3d7       80%         3
 Flame Wave               Conj/Fire      0%         2d4       99%         4
 Freezing Cloud           Conj/Ice/Air   0%         6-21      100%        5


Dungeon Overview and Level Annotations

Branches:
Dungeon (9/15)             Temple (1/1) D:5           Sewer (visited)
 Bailey (visited)
   Lair: D:8-11         Orc: D:9-12

Altars:
Ashenzari
Cheibriados
Dithmenos
Elyvilon
Fedhas
Gozag
Hepliaklqana
Kikubaaqudgha
Makhleb
Nemelex Xobeh
Okawaru
Qazlal
Ru
Sif Muna
Trog
Uskayaw
Wu Jian
Xom
Yredelemnul
Zin

Shops:
D:5 (   D:6 *   D:8 (

Annotations:
D:8 exclusion: boulder beetle
D:9 2 runed translucent doors


Innate Abilities, Weirdness & Mutations

You have a pair of horns on your head.
You reflexively headbutt those who attack you in melee.


Message History

You feel yourself speed up.
You feel sick. The hornet stings you!
You are more poisoned.
You feel yourself slow down.
You are too injured to fight recklessly!
You are too injured to fight recklessly!
You are too injured to fight recklessly!
You are too injured to fight recklessly!
You gain the combat prowess of a mighty hero.
You feel yourself speed up.
You feel very sick. The hornet barely misses you. The hornet stings you!
You feel yourself slow down. The hornet barely misses you.
You slash the hornet! Your headbutt misses the hornet.
The hornet is heavily wounded.
You feel sick. The hornet barely misses you. You furiously retaliate!
You headbutt the hornet. You hit the hornet.
The hornet is heavily wounded.
You feel sick. The hornet stings you.
You are more poisoned.
You suddenly lose the ability to move!
You feel very sick.
The hornet stings you but does no damage.
The hornet stings you!
* * * LOW HITPOINT WARNING * * *
You are lethally poisoned!
You feel as though you will be slow longer.
* * * LOW HITPOINT WARNING * * *
You feel very sick. The hornet stings you!
* * * LOW HITPOINT WARNING * * *
You are more poisoned.
You feel as though you will be slow longer.
You can move again.
Unknown command.
Unknown command.
Unknown command.
You feel better. The hornet stings you!
You die...

####### #### ***** #.....#
#...
**,,.###########.....####...
*,,,......y@.........'......
*,,,.###########.....####...
*,,,,* ####### #... *,****
#... *,* #... *,* #... *,*
#### ****,* #
*,,,,###******#### #


You could see a hornet.

Vanquished Creatures
  An orc warlord (Bailey)
  Pikel (D:8)
  Maurice (D:8)
  A kobold demonologist (D:7)
  A troll (D:9)
  Grinder (D:4)
  Prince Ribbit (D:6)
  Sigmund (D:4)
  2 wyverns
  Eustachio (D:5)
  2 vampire mosquitoes (D:8)
  Menkaure (D:7)
  3 ice beasts
  A sky beast (D:8)
  10 orc warriors
  A centaur (D:8)
  2 kobold brigands
  3 phantoms
  2 bullfrogs
  A necrophage (D:7)
  2 scorpions
  8 wights
  8 killer bees
  5 howler monkeys
  2 electric eels (D:8)
  4 hounds
  2 jellies
  4 orc priests
  Crazy Yiuf (D:4)
  2 iguanas
  7 orc wizards
  Robin (D:4)
  2 gnolls (Bailey)
  9 adders
  A river rat (Sewer)
  A shadow imp (D:7)
  An ufetubus (D:6)
  A worm (D:2)
  3 dart slugs
  37 orcs
  5 endoplasms
  5 giant cockroaches
  17 goblins
  16 hobgoblins
  A jackal (Sewer)
  2 quokkas (D:3)
  8 ball pythons
  2 bats (D:2)
  2 frilled lizards
  28 kobolds
  10 rats
234 creatures vanquished.

Vanquished Creatures (others)
  4 plants (D:8)
4 creatures vanquished.

Grand Total: 238 creatures vanquished

Notes
Turn   | Place    | Note
-------+----------+-------------------------------------------
     0 | D:1      | frimble the Minotaur Hunter began the quest for the Orb.
     0 | D:1      | Reached XP level 1. HP: 18/18 MP: 0/0
    85 | D:1      | Reached skill level 1 in Stealth
   140 | D:1      | Found a faded altar of an unknown god.
   164 | D:1      | Reached XP level 2. HP: 25/25 MP: 1/1
   334 | D:1      | Reached skill level 1 in Short Blades
   753 | D:2      | Reached XP level 3. HP: 27/30 MP: 2/2
  1410 | D:2      | Reached XP level 4. HP: 14/37 MP: 3/3
  2393 | D:3      | Identified a scroll of acquirement
  2393 | D:3      | Acquired a manual of Stealth
  2533 | D:3      | Found a glowing drain.
  2538 | Sewer    | Entered a sewer
  2712 | Sewer    | Noticed a kobold brigand
  2743 | Sewer    | Killed a kobold brigand
  2744 | Sewer    | Reached skill level 1 in Long Blades
  2744 | Sewer    | Reached skill level 2 in Stealth
  2744 | Sewer    | Reached XP level 5. HP: 36/42 MP: 4/4
  2806 | Sewer    | Reached skill level 5 in Short Blades
  2848 | Sewer    | Found a white marble altar of Elyvilon.
  3642 | D:4      | Reached skill level 3 in Stealth
  3642 | D:4      | Reached XP level 6. HP: 50/50 MP: 5/5
  3679 | D:4      | Noticed Sigmund
  3688 | D:4      | Killed Sigmund
  3689 | D:4      | Reached skill level 4 in Stealth
  3740 | D:4      | Found a white marble altar of Elyvilon.
  3820 | D:4      | Noticed Grinder
  3829 | D:4      | Killed Grinder
  3830 | D:4      | Reached XP level 7. HP: 56/56 MP: 6/6
  3841 | D:4      | Found a glowing silver altar of Zin.
  3926 | D:4      | Noticed Robin
  3947 | D:4      | Reached skill level 5 in Stealth
  3964 | D:4      | Killed Robin
  4288 | D:4      | Found a runed translucent door.
  4289 | D:4      | Noticed Crazy Yiuf
  4537 | D:5      | Entered Level 5 of the Dungeon
  4614 | D:5      | Found the +8 mithril axe "Arga" {speed, Will+}
  4759 | D:5      | Reached skill level 1 in Axes
  4836 | D:5      | Found Qyllirgh's Weapon Boutique.
  4876 | D:5      | Found a sacrificial altar of Ru.
  5171 | D:5      | Found a staircase to the Ecumenical Temple.
  5172 | D:5      | Noticed Eustachio
  5188 | D:5      | Killed Eustachio
  5189 | D:5      | Reached skill level 6 in Stealth
  5189 | D:5      | Reached XP level 8. HP: 47/62 MP: 7/7
  5295 | Temple   | Entered the Ecumenical Temple
  5660 | D:6      | Found Benasebo's Assorted Antiques.
  5671 | D:6      | Reached skill level 7 in Stealth
  6037 | D:6      | Reached skill level 5 in Axes
  6050 | D:6      | Reached skill level 8 in Stealth
  6951 | D:4      | Killed Crazy Yiuf
  7042 | D:7      | Noticed Prince Ribbit
  7042 | D:7      | Noticed a troll
  7051 | D:6      | Killed Prince Ribbit
  7052 | D:6      | Reached skill level 9 in Stealth
  7052 | D:6      | Reached XP level 9. HP: 26/68 MP: 8/8
  7711 | D:7      | Noticed a kobold demonologist
  7724 | D:7      | Killed a kobold demonologist
  7795 | D:7      | Noticed Menkaure
  7799 | D:7      | Killed Menkaure
  7800 | D:7      | Reached skill level 10 in Stealth
  7913 | D:8      | Found a sparkling altar of Nemelex Xobeh.
  7913 | D:8      | Found an opulent altar of Gozag.
  8169 | D:8      | Noticed Maurice
  8176 | D:8      | Killed Maurice
  8177 | D:8      | Reached skill level 5 in Dodging
  8177 | D:8      | Reached skill level 1 in Evocations
  8298 | D:8      | Noticed Pikel
  8310 | D:8      | Killed Pikel
  8452 | D:8      | Reached XP level 10. HP: 74/74 MP: 9/9
  8491 | D:8      | Reached skill level 11 in Stealth
  8667 | D:8      | Found an iron altar of Okawaru.
  8667 | D:8      | Found a shadowy altar of Dithmenos.
  8753 | D:8      | Became a worshipper of Warmaster Okawaru
  9029 | D:8      | Found Xoiboc's Antique Weapon Shoppe.
  9308 | D:8      | Noticed a boulder beetle
  9408 | D:9      | Found a hide-covered altar of Uskayaw.
  9443 | D:9      | Reached skill level 1 in Invocations
  9450 | D:9      | Learned a level 2 spell: Passwall
  9461 | D:9      | Found a runed translucent door.
  9534 | D:9      | Found a flagged portal.
  9540 | Bailey   | Entered a bailey
  9600 | Bailey   | Reached * piety under Okawaru
  9759 | Bailey   | Noticed an orc warlord
  9838 | Bailey   | Found a runed translucent gate.
  9838 | Bailey   | Found a runed translucent gate.
  9838 | Bailey   | Found a runed translucent gate.
 10181 | Bailey   | Killed an orc warlord
 10182 | Bailey   | Reached skill level 10 in Axes
 10527 | Bailey   | Acquired 634 gold pieces
 10645 | D:9      | Reached skill level 5 in Fighting
 10654 | D:9      | Reached ** piety under Okawaru
 10952 | D:9      | Found a runed translucent door.
 10983 | D:9      | Paralysed by a hornet for 2 turns
 10986 | D:9      | Slain by a hornet

Illustrated notes

Levels and vault maps discovered:
D:1:      amcnicky_arrival_flooded_fountain, layout_rooms,
          ebering_ecumenical_altar_box
D:2:      minmay_recursive_quarters, layout_loops_corners
D:3:      layout_rooms, portal_sewer_entry_e, st_stairs_5, serial_park_tiny_2,
          minmay_stone_trees_small
D:4:      layout_loops_ring, mainiacjoe_overflow_concentric_impassable,
          lemuel_coloured_pillars_altar, uniq_sigmund, uniq_robin, uniq_grinder,
          uniq_crazy_yiuf_cottage
D:5:      layout_cave_pools, mainiacjoe_overflow_surrounded_room,
          minmay_temple_entry_nine_rooms, serial_shops, nicolae_lakefront_shop,
          grunt_ministairs_15, hangedman_abyss_or_decor_lesser_grid,
          uniq_eustachio
D:6:      layout_loops_ring, serial_shops, shop_coins, eino_curves_02
D:7:      layout_loops_ring, vehumet_statue, uniq_menkaure, uniq_prince_ribbit1
D:8:      layout_loops_corners, grunt_temple_overflow_opulence,
          mainiacjoe_overflow_big_doors, serial_shops, kennysheep_mini_moat,
          nrook_loot_triangle, chequers_big_river, nicolae_figureground_sparkle,
          uniq_pikel, uniq_maurice
D:9:      cheibrodos_histonic, layout_basic, mainiacjoe_overflow_brackets,
          enter_bailey_2
Temple:   chequers_temple_sunken

Skill      XL: |  1  2  3  4  5  6  7  8  9 10 |
---------------+-------------------------------+-----
Stealth        | 1 2 3 4 6 9 10 11 | 11.4
Short Blades   | 2 3 4 5 6 |  6.5
Long Blades    | 1 2 4 |  4.6
Axes           | 2 6 8 10 | 10.5
Dodging        | 3 5 |  5.6
Evocations     | 2 3 |  3.5
Invocations    | 4 |  4.1
Fighting       | 5 |  5.2
Ranged Weapons | |  4.4

Action                   |  1- 3 |  4- 6 |  7- 9 | 10-12 || total
-------------------------+-------+-------+-------+-------++-------
Melee: Dagger            |    59 |    93 |     6 |       ||   158
       Headbutt          |    11 |    18 |    12 |    21 ||    62
       Punch             |     2 |       |     1 |       ||     3
       Broad axe         |       |       |   125 |   111 ||   236
 Fire: Shortbow          |     8 |    31 |   156 |    89 ||   284
Invok: Heroism           |       |       |       |     4 ||     4
Evoke: Wand              |       |       |     6 |     6 ||    12
  Use: Scroll            |       |     9 |     2 |     6 ||    17
       Potion            |       |       |     1 |     1 ||     2
 Stab: Sleeping          |     2 |       |     3 |     1 ||     6
       Distracted        |       |       |       |     1 ||     1
Armor: Leather armour    |    20 |       |    14 |    18 ||    52
       Chain mail        |       |    40 |   109 |       ||   149
Dodge: Dodged            |    44 |    30 |    92 |    87 ||   253

Table legend: (Time is in decaauts)
 A = Elapsed time spent in this place.
 B = Non-inter-level travel time spent in this place.
 C = Inter-level travel time spent in this place.
 D = Time resting spent in this place.
 E = Time spent auto-exploring this place.
 F = Levels seen in this place.
 G = Mean time per level.
                   A        B        C        D        E       F      G
               +--------+--------+--------+--------+--------+-----+--------+
         Total |  11096 |  10457 |    639 |    512 |   8105 |  12 |  924.7 |
       Dungeon |   9639 |   9025 |    614 |    469 |   7071 |   9 | 1071.0 |
        Temple |     56 |     32 |     24 |      0 |      2 |   1 |   56.0 |
         Sewer |    398 |    398 |      0 |      0 |    299 |   1 |  398.0 |
        Bailey |   1002 |   1002 |      0 |     43 |    732 |   1 | 1002.0 |
               +--------+--------+--------+--------+--------+-----+--------+

Top non-repeatable levels by time:
     D:6: 1591 daAuts
     D:8: 1584 daAuts
     D:2: 1398 daAuts
     D:4: 1348 daAuts
     D:5: 1023 daAuts
  Bailey: 1002 daAuts
     D:3: 930 daAuts
     D:1: 739 daAuts
     D:9: 601 daAuts
     D:7: 421 daAuts
   Sewer: 398 daAuts
  Temple: 56 daAuts
